Map: Ruins of Seras

Players

ReDBeTraYaL - Winner!

  • Race: Terran Terran
  • League: Platinum

Sluskis

  • Race: Protoss Protoss
  • League: Grandmaster

VOD

Have the link to the VOD?

Description

Time

  • Played on: Sept. 4, 2015, 8:53 p.m.
  • Length: 7:22
Show
View Real Time Build Order
Export as new Build Order

ReDBeTraYaL Terran - Winner!

Build Orders: Command Center First (CC) 

Get SALT Encoding   

  12  0:01  SCV  
  13  0:13  SCV  
  14  0:18  Supply Depot  
  14  0:25  SCV  
  15  0:40  SCV  
  16  0:52  SCV  
  17  1:02  Command Center  
  17  1:05  SCV  
  18  1:18  Barracks  
  18  1:20  SCV  
  18  1:25  Refinery  
  19  1:32  SCV  
  20  1:33  Refinery  
  20  1:44  SCV  
  21  1:56  SCV  
  22  2:09  SCV  
  22  2:14  Factory, Marine  
  24  2:20  Bunker  
  24  2:24  Orbital Command  
  24  2:26  SCV  
  25  2:32  Barracks Tech Lab  
  25  2:38  SCV  
  25  2:50  SCV  
  26  2:59  Supply Depot  
  26  3:00  Barracks Reactor  
  26  3:02  SCV  
  26  3:04  Cyclone  
  30  3:05  SCV  
  31  3:14  Orbital Command  
  31  3:15  Mag-Field Accelerator  
  31  3:18  SCV  
  32  3:25  Barracks  
  33  3:34  SCV  
  33  3:37  Marine x2  
  33  3:39  Cyclone  
  38  3:41  SCV  
  38  3:46  SCV  
  38  3:48  Supply Depot  
  40  3:54  SCV  
  41  3:57  Marine x2  
  41  3:58  SCV  
  44  4:03  Bunker  
  44  4:04  Bunker  
  44  4:11  Cyclone  
  44  4:14  Barracks Tech Lab  
  44  4:15  Marine x2  
  49  4:18  SCV x2  
  51  4:30  SCV x2  
  53  4:33  Combat Shields  
  53  4:34  Marine x2  
  53  4:37  Barracks  
  54  4:38  Marine  
  53  4:54  Marine x2  
  53  4:56  Marine  
  51  5:10  SCV x2  
  52  5:14  Marine x2  
  52  5:19  Cyclone, Marine  
  52  5:20  Command Center, Supply Depot  
  52  5:32  SCV, Marine  
  52  5:33  SCV  
  52  5:35  Barracks Tech Lab  
  53  5:38  Starport  
  52  5:47  Marine x2  
  53  5:50  Marine  
  53  5:52  SCV x2  
  56  6:02  Marauder  
  58  6:04  SCV  
  58  6:05  Marine  
  58  6:06  Marauder  
  58  6:07  Marine  
  63  6:17  SCV x2  
  65  6:19  Starport Reactor  
  65  6:29  Barracks  
  65  6:30  Refinery, Barracks  
  65  6:31  Refinery  
  65  6:34  Marine x2  
  65  6:35  Marine x2  
  65  6:36  SCV  
  70  6:42  Supply Depot  
  70  6:44  SCV  
  71  6:48  SCV  
Show
View Real Time Build Order
Export as new Build Order

Sluskis Protoss 

Build Orders: Mass Adepts 

Get SALT Encoding   

  12  0:01  Probe (Chrono Boost)  
  13  0:15  Pylon  
  13  0:17  Probe (Chrono Boost)  
  14  0:27  Probe (Chrono Boost)  
  15  0:36  Gateway  
  15  0:40  Assimilator  
  15  0:43  Probe (Chrono Boost)  
  16  0:53  Probe (Chrono Boost)  
  17  0:57  Assimilator  
  17  1:03  Probe (Chrono Boost)  
  18  1:13  Probe (Chrono Boost)  
  18  1:17  Pylon  
  19  1:23  Probe (Chrono Boost)  
  20  1:26  Cybernetics Core  
  20  1:38  Probe (Chrono Boost)  
  21  1:48  Probe (Chrono Boost)  
  22  1:56  Warp Gate (Chrono Boost)  
  22  1:58  Probe (Chrono Boost)  
  23  2:03  Robotics Facility  
  23  2:08  Probe (Chrono Boost), Adept  
  26  2:20  Mothership Core  
  28  2:29  Pylon  
  28  2:35  Adept  
  30  2:54  Gateway  
  30  3:04  Gateway  
  30  3:05  Gateway  
  30  3:17  Warp Prism (Chrono Boost)  
  30  3:19  Adept  
  34  3:35  Pylon  
  34  3:42  Pylon  
  34  3:50  Pylon  
  34  4:12  Adept x2  
  34  4:13  Adept x2  
  42  4:35  Adept x2  
  42  4:36  Adept x2  
  40  5:01  Adept x4  
  33  5:36  Probe  
  32  5:48  Probe  
  31  5:57  Nexus  
  31  6:00  Probe  
  31  6:01  Robotics Bay  
  32  6:06  Sentry x4  
  40  6:12  Probe (Chrono Boost)  
  37  6:24  Probe (Chrono Boost)  
  38  6:28  Gateway  
  38  6:31  Stalker x2  
  42  6:34  Probe (Chrono Boost)  
  42  6:35  Stalker  
  45  6:41  Zealot  
  47  6:52  Pylon  
  47  6:55  Pylon  
  31  7:10  Stalker x3  
Tags
 
Add a new tag
Caveats
  • Supply blocks, unpowered buildings, or Contaminate may cause inaccurate times.
  • Supply counts are checked every 10 seconds.